[Event "Early-Titled-Tuesday-Blitz-January-30-2024"]
[Site "Chess.com"]
[Date "2024.01.30"]
[Round "6"]
[White "VladimirKramnik"]
[Black "mac0504"]
[Result "1-0"]
[WhiteElo "2938"]
[BlackElo "2741"]
[TimeControl "180+1"]
[EndTime "9:08:24 PST"]
[Termination "VladimirKramnik won by resignation"]

1. e4 c5 2. Nf3 e6 3. b3 Nc6 4. Bb2 a6 5. c4 Nf6 6. Nc3 e5 7. g3 g6 8. Bg2 Bg7 9. O-O O-O 10.
d3 d6 11. Ne1 Nd4 12. Nc2 Rb8 13. Ne3 b5 14. f4 bxc4 15. dxc4 exf4 16. gxf4 Re8 17.
Qd3 Bb7 18. Rae1 Nh5 19. Ncd5 Bxd5 20. Nxd5 Qh4 21. Bc3 f5 22. Bd2 fxe4 23. Bxe4 Rf8 24. Kh1 Kh8 25. Rg1 Rbe8 26. Ref1 Nf6 27. Be1 Qh6 28. Nxf6 Bxf6 29. Bg3 Re7 30. f5 gxf5 31. Bxf5 Be5 32. Bg4 Rxf1 33. Bxe5+ Rxe5 34. Qxf1 Qg7 35.
Be6 Rg5 36. Rxg5 1-0

[Event "Early-Titled-Tuesday-Blitz-January-30-2024"]
[Site "Chess.com"]
[Date "2024.01.30"]
[Round "6"]
[White "jk13"]
[Black "lilleper1"]
[Result "0-1"]
[WhiteElo "2707"]
[BlackElo "2922"]
[TimeControl "180+1"]
[EndTime "9:08:24 PST"]
[Termination "lilleper1 won on time"]

1. e4 c5 2. c3 Nf6 3. e5 Nd5 4. Bc4 e6 5. Nf3 d6 6. d4 cxd4 7. cxd4 Be7 8. O-O O-O 9. Qe2 Bd7 10. Nbd2 Bc6 11. Ne4 dxe5 12. dxe5 Nd7 13. Re1 Qc7 14. Ng3 Nc5 15. a3 a5 16. Bd2 b5 17. Ba2 b4 18.
Rac1 Qb6 19. Nd4 Bb7 20. Qg4 Nd3 21. Bh6 g6 22. Bxf8 Bxf8 23. Bxd5 Bxd5 24. Nh5 Be7 25. Rcd1 Nxe1 26. Rxe1 Qd8 27. axb4 axb4 28. Nf4 Rc8 29. h4 Rc4 30. Rd1 Bc5 31. Nfe2 h5 32. Qf4 b3 33. Rd3 Bb7 34. Nc3 Rxd4 35. Rxd4 Qxd4 36. Qf6 Bb6 0-1

[Event "Early-Titled-Tuesday-Blitz-January-30-2024"]
[Site "Chess.com"]
[Date "2024.01.30"]
[Round "6"]
[White "Roman_Ovetchkin"]
[Black "VitaliyBernadskiy"]
[Result "1-0"]
[WhiteElo "2668"]
[BlackElo "2902"]
[TimeControl "180+1"]
[EndTime "9:08:24 PST"]
[Termination "Roman_Ovetchkin won by resignation"]

1. d4 Nf6 2. c4 g6 3. Nc3 Bg7 4. e4 d6 5. h3 Nbd7 6. Bd3 O-O 7. Nf3 e5 8. d5 a5 9. Bg5 Nc5 10. Bc2 Bd7 11. O-O h6 12. Be3 Nh5 13. Qd2 g5 14.
Kh2 Nf4 15. Ng1 Qf6 16. g3 Ng6 17. Bd1 Qd8 18. Bg4 f5 19. Bxf5 Bxf5 20. exf5 Rxf5 21. Bxc5 dxc5 22. Ne4 b6 23. Rad1 Bf8 24. Qd3 Qd7 25. d6 c6 26. g4 Nf4 27. Qd2 Rf7 28.
f3 Re8 29. Ne2 Re6 30. Nxf4 exf4 31. Qc2 Bg7 32. Qb3 Qd8 33. Rfe1 Bd4 34. Kg2 Rd7 35.
Rxd4 cxd4 36. c5 Kf7 37. Nxg5+ hxg5 38. Qxe6+ Kg7 39. Qe5+ Qf6 40. Qe7+ Qf7 41. Qxg5+ Kf8 42. Qh6+ Kg8 43. Re6 Qf8 44. Rg6+ Kf7 45. Qxf4+ 1-0

[Event "Early-Titled-Tuesday-Blitz-January-30-2024"]
[Site "Chess.com"]
[Date "2024.01.30"]
[Round "6"]
[White "tusplingher"]
[Black "LuisFSiles"]
[Result "1-0"]
[WhiteElo "2471"]
[BlackElo "2240"]
[TimeControl "180+1"]
[EndTime "9:08:24 PST"]
[Termination "tusplingher won by resignation"]

1. e4 c5 2. Nf3 Nc6 3. Bb5 g6 4. Bxc6 dxc6 5. d3 Bg7 6. h3 Nf6 7. O-O Nd7 8. Nc3 e5 9. Be3 b6 10. a3 a5 11. Nd2 Nf8 12. Rb1 Ne6 13. b4 axb4 14. axb4 cxb4 15. Rxb4 b5 16. Rb1 O-O 17. Nb3 f5 18. f3 Bf6 19. Ra1 Rxa1 20. Qxa1 Nd4 21.
Bxd4 exd4 22. Ne2 Qd7 23. Qa5 Bg5 24. Ra1 Be3+ 25. Kh1 fxe4 26. Nc5 Qd5 27. Nxe4 Qh5 28. N2g3 Qh4 29. Kh2 Rxf3 30. Qc7 Rf8 31. Ra8 Qh6 32. Rxc8 1-0

[Event "Early-Titled-Tuesday-Blitz-January-30-2024"]
[Site "Chess.com"]
[Date "2024.01.30"]
[Round "6"]
[White "Chesstiger64"]
[Black "Iuckyducky"]
[Result "1-0"]
[WhiteElo "2225"]
[BlackElo "2346"]
[TimeControl "180+1"]
[EndTime "9:08:24 PST"]
[Termination "Chesstiger64 won by resignation"]

1. d4 Nf6 2. Nf3 e6 3. Bg5 Be7 4. Nbd2 c5 5. e3 b6 6. Bd3 Bb7 7. Qe2 d5 8. Bxf6 gxf6 9. c3 f5 10. Ne5 Nd7 11. Bb5 Bc8 12. Qh5 Rf8 13. Ndf3 a6 14.
Bc6 Ra7 15. Qxh7 Qc7 16. h4 Kd8 17. Nxf7+ Rxf7 18. Qxf7 Qxc6 19. h5 Nf6 20. h6 Qb5 21. h7 Nxh7 22. Rxh7 Qxb2 23. Rh8+ Kd7 24. Qe8+ Kd6 25.
Rd1 Bd7 26. Qb8+ Rc7 27. Ne5 Bb5 28. c4 Qb4+ 29. Kf1 Bxc4+ 30. Kg1 Bb5 31. Qxb6+ Bc6 32. dxc5+ Qxc5 33. Qxc5+ Kxc5 34. Rc1+ Kb6 35. Nxc6 Rxc6 36.
Rxc6+ Kxc6 37. Re8 Kd7 38. Ra8 1-0

[Event "Early-Titled-Tuesday-Blitz-January-30-2024"]
[Site "Chess.com"]
[Date "2024.01.30"]
[Round "6"]
[White "cristiano78"]
[Black "SergioMoralesG"]
[Result "1-0"]
[WhiteElo "2279"]
[BlackElo "2430"]
[TimeControl "180+1"]
[EndTime "9:08:28 PST"]
[Termination "cristiano78 won on time"]

1. d4 d5 2. c4 c6 3. Nf3 Nf6 4. Nc3 e6 5. Bg5 h6 6. Bxf6 Qxf6 7. e3 Nd7 8. Rc1 g6 9. Be2 dxc4 10.
Bxc4 Qe7 11. O-O Bg7 12. e4 e5 13. d5 O-O 14. dxc6 bxc6 15. a3 Nb6 16. Ba2 a5 17. Na4 Rd8 18. Qc2 Nxa4 19. Qxa4 Bg4 20. Qxc6 Bxf3 21.
gxf3 Qg5+ 22. Kh1 Rac8 23. Qxc8 Rxc8 24. Rxc8+ Kh7 25. Bxf7 Qf4 26. Bg8+ Kh8 27. Bd5+ Bf8 28. Kg2 h5 29. Rfc1 Kg7 30. R1c7+ Kh6 31. Rf7 Qg5+ 32. Kf1 Bg7 33. Rcc7 1-0

[Event "Early-Titled-Tuesday-Blitz-January-30-2024"]
[Site "Chess.com"]
[Date "2024.01.30"]
[Round "6"]
[White "karinachess1"]
[Black "Noki102"]
[Result "0-1"]
[WhiteElo "2618"]
[BlackElo "2499"]
[TimeControl "180+1"]
[EndTime "9:08:29 PST"]
[Termination "Noki102 won by resignation"]

1. d4 d5 2. c4 c6 3. Nf3 Nf6 4. g3 Bf5 5. Qb3 Qb6 6. Nc3 e6 7. c5 Qxb3 8. axb3 Ne4 9. Bf4 Nd7 10. b4 Nxc3 11. bxc3 a6 12. Nd2 f6 13. Nb3 e5 14.
Be3 g5 15. Na5 O-O-O 16. dxe5 Nxe5 17. Bd4 Re8 18. Bg2 h5 19. h4 gxh4 20. Rxh4 Bh6 21. Kf1 Bg5 22. Rh1 h4 23. f4 h3 24. Bf3 Nxf3 25.
exf3 Bd3+ 26. Kg1 Bxf4 27. Bxf6 Be3+ 28. Kh2 Rhf8 29. Bd4 Rxf3 30. Rae1 Bf5 31. Rhf1 Rxf1 32. Rxf1 Bxd4 33. cxd4 Re2+ 34. Kg1 h2+ 35. Kh1 Be4+ 0-1

[Event "Early-Titled-Tuesday-Blitz-January-30-2024"]
[Site "Chess.com"]
[Date "2024.01.30"]
[Round "6"]
[White "GelmanAlexander"]
[Black "Dinosaurio_1975"]
[Result "1-0"]
[WhiteElo "2790"]
[BlackElo "2598"]
[TimeControl "180+1"]
[EndTime "9:08:30 PST"]
[Termination "GelmanAlexander won on time"]

1. c4 e6 2. d3 d5 3. Nd2 Nf6 4. Ngf3 Be7 5. e3 O-O 6. a3 b6 7. b3 Bb7 8. Bb2 Nbd7 9. Rg1 a5 10. g4 a4 11. b4 dxc4 12. Nxc4 b5 13. Ncd2 c5 14. g5 Nd5 15. bxc5 Nxc5 16. d4 Nb3 17. Nxb3 axb3 18. Qxb3 Qa5+ 19. Nd2 Rfc8 20. Bd3 Nc3 21. Rc1 Na4 22. Ke2 Nxb2 23. Rxc8+ Rxc8 24. Qxb2 Bc6 25. Ra1 Bxg5 26. Rc1 Be7 27. Nb3 Qa8 28. Nc5 Bf3+ 29. Ke1 Qb8 30. Qxb5 Qxh2 31. Qd7 Qg1+ 32. Bf1 Rb8 33.
Qxe7 Bg2 34. Ke2 Rb2+ 35. Kd3 Bxf1+ 36. Kc3 Rb8 37. Rb1 1-0

[Event "Early-Titled-Tuesday-Blitz-January-30-2024"]
[Site "Chess.com"]
[Date "2024.01.30"]
[Round "6"]
[White "adotand"]
[Black "VincentKeymer"]
[Result "0-1"]
[WhiteElo "2836"]
[BlackElo "3065"]
[TimeControl "180+1"]
[EndTime "9:08:31 PST"]
[Termination "VincentKeymer won by resignation"]

1. Nf3 d5 2. e3 Nf6 3. b3 Bg4 4. Bb2 e6 5. Be2 Nbd7 6. h3 Bh5 7. d4 a5 8. a3 Bd6 9. Nbd2 O-O 10. O-O Qe7 11.
c4 c6 12. Nh4 Bxe2 13. Qxe2 Ne4 14. Nhf3 f5 15. c5 Bc7 16. b4 e5 17. Nb3 a4 18.
Nc1 f4 19. Nd3 fxe3 20. Qxe3 exd4 21. Nxd4 Rae8 22. Rae1 Qh4 23. Nf3 Qh5 24. Qd4 Qg6 25. Nh4 Qh6 26. b5 Ne5 27. g3 Nxd3 28. Qxd3 Nxc5 29.
Qc2 Ne4 30. bxc6 bxc6 31. Qxa4 Bb6 32. Bd4 Bxd4 33. Qxd4 g5 34. Ng2 Qxh3 35. Rc1 Re6 36. g4 Rh6 0-1

[Event "Early-Titled-Tuesday-Blitz-January-30-2024"]
[Site "Chess.com"]
[Date "2024.01.30"]
[Round "6"]
[White "Crazy_girl99"]
[Black "GMSrinath"]
[Result "0-1"]
[WhiteElo "2614"]
[BlackElo "2832"]
[TimeControl "180+1"]
[EndTime "9:08:31 PST"]
[Termination "GMSrinath won by resignation"]

1. Nf3 d5 2. d4 Nf6 3. g3 g6 4. Bg2 Bg7 5. O-O O-O 6. b3 c5 7. Bb2 Ne4 8. e3 Nc6 9. Nbd2 cxd4 10. Nxe4 dxe4 11. Nxd4 Nxd4 12. exd4 f5 13. c4 Bd7 14. Qd2 Qc7 15. Rad1 Rad8 16. Ba3 Rf7 17. Rfe1 e6 18. f3 Bc6 19. Qf2 exf3 20. Bxf3 Bxf3 21. Qxf3 Bxd4+ 22. Rxd4 Rxd4 23. Rxe6 Rd8 24. Bb2 Qc5+ 25. Kf1 Rfd7 26. Bc3 Rd3 27. Re8+ Rxe8 28. Qxd3 Qe7 29. Qd5+ Qe6 30.
Qd3 Qe4 0-1

[Event "Early-Titled-Tuesday-Blitz-January-30-2024"]
[Site "Chess.com"]
[Date "2024.01.30"]
[Round "6"]
[White "Zurability"]
[Black "SharapovEvgeny"]
[Result "0-1"]
[WhiteElo "2754"]
[BlackElo "2555"]
[TimeControl "180+1"]
[EndTime "9:08:31 PST"]
[Termination "SharapovEvgeny won on time"]

1. d4 d5 2. c4 c6 3. Nc3 Nf6 4.
cxd5 cxd5 5. Bf4 Nc6 6. e3 a6 7.
Bd3 Bg4 8. Qb3 Na5 9. Qa4+ Bd7 10. Qc2 Nc6 11. a3 e6 12. Nf3 Be7 13. O-O Nh5 14. Be5 Nxe5 15. dxe5 g6 16. Rfd1 O-O 17. e4 Bc6 18.
exd5 exd5 19. Be4 Nf4 20. Qd2 Bg5 21. Qe1 Bh6 22. g3 Nh3+ 23. Kg2 dxe4 24. Rxd8 exf3+ 25. Kxh3 Raxd8 26. Rd1 Bd7+ 27. g4 Be6 28. Kg3 Bg7 29. Rxd8 Rxd8 30. Kxf3 Rd3+ 31. Kg2 Bxg4 32. f4 Bh6 33.
Ne4 Bf3+ 34. Kf2 Bxf4 35. Qb4 Bxe4 36. Qxe4 Rd2+ 37. Kf3 Bxh2 38. e6 fxe6 39. Qxb7 Rd6 40. b4 h5 41. a4 h4 42. Kg4 Bg3 43. b5 axb5 44. axb5 Rd5 45. b6 Kf8 46. Qc8+ Kf7 47. b7 Rd4+ 0-1

[Event "Early-Titled-Tuesday-Blitz-January-30-2024"]
[Site "Chess.com"]
[Date "2024.01.30"]
[Round "6"]
[White "LileKoridze"]
[Black "Irishchessman16"]
[Result "1-0"]
[WhiteElo "2373"]
[BlackElo "2504"]
[TimeControl "180+1"]
[EndTime "9:08:31 PST"]
[Termination "LileKoridze won by resignation"]

1. d4 d6 2. Nf3 Nf6 3. c4 Bg4 4. e3 c6 5. Nc3 Nbd7 6. Be2 e6 7. O-O d5 8. b3 Bd6 9. h3 Bh5 10. Qc2 O-O 11. e4 Nxe4 12. Nxe4 dxe4 13. Qxe4 Bg6 14. Qe3 Qc7 15. Bb2 Bf4 16. Qc3 Rfe8 17. d5 e5 18. dxc6 Qxc6 19. Rad1 f6 20. b4 Nf8 21. c5 Rad8 22.
b5 Qc8 23. c6 bxc6 24. bxc6 Ne6 25. Bb5 Nc7 26. Bc4+ Kh8 27. Ba3 Be4 28. Bf7 Nb5 29. Qb3 Bxc6 30. Bxe8 Rxe8 31. Bc1 Bxc1 32. Rxc1 Qa8 33.
Rc5 a6 34. Rfc1 Bxf3 35. Qxf3 Qxf3 36. gxf3 Nd4 37. Rc8 Rg8 38. Rxg8+ Kxg8 39. Rc8+ Kf7 40. Kg2 Nf5 41. Ra8 Nh4+ 42. Kg3 Nf5+ 43. Kh2 Nd4 44. Kg2 Nf5 45. Rxa6 Nh4+ 46. Kg3 Nf5+ 47. Kh2 Nh4 48. Ra3 Ke6 49. Rd3 f5 50. a4 e4 51. fxe4 fxe4 52.
Rd1 Nf3+ 53. Kg3 Ne5 54. a5 Nc6 55. a6 Ke5 56. Rd7 1-0

[Event "Early-Titled-Tuesday-Blitz-January-30-2024"]
[Site "Chess.com"]
[Date "2024.01.30"]
[Round "6"]
[White "Flaccidmoves"]
[Black "Sofia_Blokhin"]
[Result "1-0"]
[WhiteElo "2452"]
[BlackElo "2254"]
[TimeControl "180+1"]
[EndTime "9:08:32 PST"]
[Termination "Flaccidmoves won by resignation"]

1. e4 c5 2. Nf3 e6 3. d4 cxd4 4. Nxd4 a6 5. Nc3 Qc7 6. g3 Nf6 7. Bg2 Nc6 8. O-O Be7 9. Re1 O-O 10. Nxc6 dxc6 11. e5 Nd7 12. f4 Bc5+ 13. Kh1 f6 14. exf6 Nxf6 15. Be3 Bd6 16. Bd4 e5 17. fxe5 Ng4 18.
exd6 Qxd6 19. Bg1 Qh6 20. Rf1 Be6 21. Qd6 Rfd8 22. Qf4 g5 23. Qc7 Rd7 24. Qb6 Rad8 25.
Rae1 Bc4 26. Rf5 Rd2 27. Qxb7 R8d7 28. Qc8+ Rd8 29. Re8+ Rxe8 30. Qxe8+ Kg7 31. Qf8+ Kg6 32. Qxh6+ Kxh6 33. Rc5 Bd5 34. Nxd5 cxd5 35. h3 Nf2+ 36. Bxf2 Rxf2 37. Bxd5 1-0

[Event "Early-Titled-Tuesday-Blitz-January-30-2024"]
[Site "Chess.com"]
[Date "2024.01.30"]
[Round "6"]
[White "Natalya_Buksa"]
[Black "RaulPerezGuerra"]
[Result "0-1"]
[WhiteElo "2571"]
[BlackElo "2503"]
[TimeControl "180+1"]
[EndTime "9:08:34 PST"]
[Termination "RaulPerezGuerra won by resignation"]

1. d4 d5 2. Nc3 Nf6 3. Bf4 e6 4. Nb5 Na6 5. e3 Be7 6. Nf3 O-O 7.
Be2 Ne4 8. a4 c6 9. Na3 Bd6 10.
O-O Bxf4 11. exf4 Qd6 12. Ne5 c5 13. c3 cxd4 14. Nb5 Qe7 15. Nxd4 Nac5 16. b4 Nd7 17. Qd3 a5 18. Rfb1 b6 19. Bf3 Ba6 20. b5 Ndc5 21. Qe3 Bb7 22. Ndc6 Qc7 23. c4 f6 24.
Nd3 Nxd3 25. Qxd3 Nc5 26. Qe2 Bxc6 27. bxc6 Qxc6 28. cxd5 exd5 29. Rd1 Rad8 30. Qc2 Rd6 31. Rd4 Ne4 32. Bxe4 dxe4 33. Qxc6 Rxc6 34. Rxe4 Rfc8 35. g3 Rc4 36. Re6 R8c6 37. Rxc6 Rxc6 38. Rb1 Rc4 39. Rxb6 Rxa4 40. f5 Rb4 41. Ra6 Rb5 42. g4 h5 43.
h3 Kh7 44. Kg2 Kh6 45. Kg3 Rb3+ 46. f3 Rb5 47. Ra8 Kh7 48. Kh4 Rb3 49. Kg3 hxg4 50. hxg4 Ra3 51. Kf4 Ra4+ 52. Kg3 Ra3 53. Ra6 a4 54. Kf4 Ra1 55. Ra8 a3 56. Ra4 a2 57.
Ra7 Kg8 58. Ra8+ Kf7 59. Ra7+ Ke8 60. Ra3 Kd7 61. Rd3+ Kc6 62. Rd2 Kc5 63. Rg2 Kc4 64.
g5 Kb3 65. gxf6 gxf6 66. Re2 Rc1 67. Re3+ Rc3 68. Re1 Kb2 69. Kg4 a1=Q 70. Rxa1 Kxa1 71. Kh5 Kb2 72. Kg6 Rc6 73. Kf7 Kc3 74. Ke7 Kd4 75. Kd7 Ra6 0-1

[Event "Early-Titled-Tuesday-Blitz-January-30-2024"]
[Site "Chess.com"]
[Date "2024.01.30"]
[Round "6"]
[White "Alen_Yeremyann"]
[Black "GroovyKettle"]
[Result "0-1"]
[WhiteElo "2739"]
[BlackElo "2972"]
[TimeControl "180+1"]
[EndTime "9:08:35 PST"]
[Termination "GroovyKettle won on time"]

1. e4 c5 2. Nc3 d6 3. f4 g6 4.
Nf3 Bg7 5. Bc4 Nc6 6. O-O e6 7. d3 Nge7 8. a4 O-O 9. Bd2 Nd4 10. Nxd4 cxd4 11. Ne2 d5 12. exd5 Nxd5 13. Ng3 Bd7 14. Qe2 Bc6 15. a5 Qd7 16. Ne4 Rac8 17. Rae1 b5 18.
axb6 axb6 19. Kh1 Ba4 20. b3 Bc6 21. b4 Ba4 22. Rc1 Rfd8 23. Rfe1 Rc7 24. Qf2 Nf6 25.
Ng5 Re8 26. Nf3 b5 27. Bb3 Bxb3 28. cxb3 Nd5 29. Ne5 Qe7 30. Qxd4 Rec8 31. Rxc7 Qxc7 32. h3 Bh6 33. Rc1 Qxc1+ 34. Bxc1 Rxc1+ 35. Kh2 Bxf4+ 36. g3 Rc2+ 37. Kh1 Bxg3 38. Ng4 Rc1+ 39. Kg2 Nf4+ 40. Kf3 Rf1+ 41. Ke4 f5+ 42. Ke3 fxg4 43. Qd8+ Kg7 44. Qe7+ Kh6 45. h4 Nd5+ 0-1

[Event "Early-Titled-Tuesday-Blitz-January-30-2024"]
[Site "Chess.com"]
[Date "2024.01.30"]
[Round "6"]
[White "Sadykov_Ramil"]
[Black "LeoLV10"]
[Result "0-1"]
[WhiteElo "2598"]
[BlackElo "2466"]
[TimeControl "180+1"]
[EndTime "9:08:36 PST"]
[Termination "LeoLV10 won by resignation"]

1. d4 Nf6 2. Nc3 c5 3. d5 e6 4. e4 exd5 5. e5 d4 6. exf6 dxc3 7. Qe2+ Be7 8. Qxe7+ Qxe7+ 9. fxe7 cxb2 10. Bxb2 Nc6 11.
Bxg7 Rg8 12. Bf6 d5 13. O-O-O Be6 14. Ne2 d4 15. Nf4 Bxa2 16. Bb5 Rc8 17. Rhe1 Kd7 18. c3 a6 19. Bd3 Be6 20. Bxh7 Rg4 21. Nxe6 fxe6 22.
Be4 Rf4 23. Bg5 Rxf2 24. Bf3 Nxe7 25. Bxb7 Rb8 26. Bxe7 Kxe7 27. Bd5 Rb6 28. cxd4 cxd4 29. Rxd4 Rd6 30. Rdd1 Rf5 31. Be4 Rc5+ 32. Bc2 Rdc6 33. Rd2 a5 34. h4 a4 35. Kb2 Rb6+ 36. Ka2 Rb4 37. Re4 Rxc2+ 38. Rxc2 Rxe4 39. g3 Kf6 40.
Kb2 Rb4+ 41. Kc1 Rb3 42. Rc4 a3 43. g4 Rh3 44. Ra4 Rxh4 45. Rxa3 Rxg4 46. Kd2 Rg2+ 47.
Ke1 Kf5 48. Ra4 e5 49. Kf1 Rb2 50. Ke1 e4 51. Ra3 Kf4 52. Rc3 Ra2 53. Kf1 Rd2 54. Rb3 Rd3 55. Rxd3 exd3 56. Kf2 Ke4 57. Kf1 Kf3 58. Ke1 Ke3 59. Kd1 d2 0-1

[Event "Early-Titled-Tuesday-Blitz-January-30-2024"]
[Site "Chess.com"]
[Date "2024.01.30"]
[Round "6"]
[White "stasOR4ik"]
[Black "ChainedDowntohell"]
[Result "0-1"]
[WhiteElo "2419"]
[BlackElo "2592"]
[TimeControl "180+1"]
[EndTime "9:08:36 PST"]
[Termination "ChainedDowntohell won on time"]

1. e4 c5 2. c3 d5 3. exd5 Qxd5 4. Nf3 g6 5. d4 Bg7 6. Be3 cxd4 7. cxd4 Qa5+ 8.
Nc3 Nh6 9. Bb5+ Bd7 10. Bxd7+ Nxd7 11. Qb3 O-O 12. Qxb7 Nf6 13. Bxh6 Bxh6 14. O-O e6 15.
Rab1 Rab8 16. Qe7 Bg7 17. Ne5 Qa6 18. Rfd1 Rb7 19. Qc5 Nd7 20. Qc6 Qxc6 21. Nxc6 Nb6 22. Nb5 a6 23. Nd6 Rd7 24. Ne4 Rc8 25. Nb4 a5 26. Nd3 Rxd4 27. f3 Nc4 28. Kf2 Rcd8 29. Nec5 Bf8 30. Ke2 R4d5 31. Ne4 Bg7 32. b3 Nd6 0-1

[Event "Early-Titled-Tuesday-Blitz-January-30-2024"]
[Site "Chess.com"]
[Date "2024.01.30"]
[Round "6"]
[White "DeArron_Fox"]
[Black "Iana_Shirova"]
[Result "1-0"]
[WhiteElo "2467"]
[BlackElo "2200"]
[TimeControl "180+1"]
[EndTime "9:08:36 PST"]
[Termination "DeArron_Fox won by checkmate"]

1. d4 d5 2. c4 dxc4 3. e3 Be6 4. Nf3 Nf6 5. Nc3 c6 6. Ng5 Bd5 7. e4 h6 8. exd5 hxg5 9. dxc6 Nxc6 10. d5 Ne5 11.
Bxg5 Qd7 12. f4 Nd3+ 13. Bxd3 cxd3 14. Qxd3 Ng8 15. f5 Rh5 16. h4 f6 17. Qf3 Rh8 18. Be3 Nh6 19. g4 Nf7 20. O-O-O Ne5 21. Qe4 a6 22.
Kb1 b5 23. Rc1 Rc8 24. d6 exd6 25. Nd5 Rxc1+ 26. Rxc1 Rxh4 27. Nc7+ Ke7 28. Ne6 Rxg4 29. Qa8 Ng6 30. Rc7 Re4 31. Rxd7+ Kxd7 32. Qxe4 Ne7 33.
Qb7+ Ke8 34. Qb8+ Kf7 35. Qxf8# 1-0

[Event "Early-Titled-Tuesday-Blitz-January-30-2024"]
[Site "Chess.com"]
[Date "2024.01.30"]
[Round "6"]
[White "PedroGil25"]
[Black "NelsonLinda"]
[Result "1-0"]
[WhiteElo "2425"]
[BlackElo "2573"]
[TimeControl "180+1"]
[EndTime "9:08:38 PST"]
[Termination "PedroGil25 won by resignation"]

1. e4 c5 2. Nf3 e6 3. c3 Nf6 4.
e5 Nd5 5. d4 cxd4 6. Bc4 d6 7.
cxd4 Be7 8. O-O O-O 9. Qe2 Nc6 10. Rd1 Nb6 11. Bb3 Bd7 12. Nc3 Rc8 13. Bf4 d5 14. Bc2 f5 15. exf6 Bxf6 16. Bg3 Qe8 17. Nb5 Nb4 18. Bxh7+ Kxh7 19. Nd6 Qg6 20. Nxc8 Rxc8 21.
Rac1 Rxc1 22. Rxc1 Nxa2 23. Ra1 Nb4 24. Rxa7 Qb1+ 25.
Qf1 Qxf1+ 26. Kxf1 Bb5+ 27. Kg1 Ba6 28. Bc7 Nd7 29. Ra8 Nc2 30. Be5 Bxe5 31. dxe5 Kg6 32. Rd8 Bb5 33. h4 Nc5 34. g4 Bc6 35. h5+ Kf7 36.
g5 Nb4 37. g6+ Ke7 38. Rg8 Be8 39. Rxg7+ Kf8 40. Rc7 Nc6 41. h6 Kg8 42. h7+ Kh8 43. Rc8 Kg7 44. Rxe8 1-0

[Event "Early-Titled-Tuesday-Blitz-January-30-2024"]
[Site "Chess.com"]
[Date "2024.01.30"]
[Round "6"]
[White "Aanna12"]
[Black "pfalcon1949"]
[Result "1-0"]
[WhiteElo "2308"]
[BlackElo "1952"]
[TimeControl "180+1"]
[EndTime "9:08:38 PST"]
[Termination "Aanna12 won on time"]

1. e4 e6 2. d3 d5 3. Nd2 c5 4. Ngf3 Nc6 5. g3 Bd6 6. Bg2 Nge7 7. O-O O-O 8. c3 d4 9. cxd4 cxd4 10. Nc4 e5 11. Nxd6 Qxd6 12. Ne1 f6 13. f4 Be6 14. Bd2 b5 15. a3 a5 16. Nf3 b4 17. Nh4 Rab8 18.
Qa4 bxa3 19. Qxa3 Nb4 20. Rfc1 Qb6 21. fxe5 fxe5 22. Nf3 Nec6 23. Ng5 Bd7 24. Qb3+ Kh8 25. Nf7+ Rxf7 26. Qxf7 Qd8 27. Bf1 Bg4 28. Rc4 Qd6 29.
Bxb4 axb4 30. Qd5 Qxd5 31. exd5 Ne7 32. d6 Nd5 33. Ra7 Rd8 34. Bg2 Ne3 35. Rcc7 Nf5 36. d7 Ne7 37. Ra8 Rxa8 38. Bxa8 Bxd7 39. Rxd7 Ng6 40.
Rd8+ 1-0

[Event "Early-Titled-Tuesday-Blitz-January-30-2024"]
[Site "Chess.com"]
[Date "2024.01.30"]
[Round "6"]
[White "PawnEatingZombie"]
[Black "Onthequiet"]
[Result "0-1"]
[WhiteElo "2158"]
[BlackElo "2405"]
[TimeControl "180+1"]
[EndTime "9:08:39 PST"]
[Termination "Onthequiet won by resignation"]

1. e4 c5 2. c3 Nf6 3. e5 Nd5 4. Nf3 e6 5. Bc4 Nb6 6. Bb3 d5 7. exd6 Bxd6 8. O-O Nc6 9. d4 cxd4 10. cxd4 Nb4 11.
Nc3 O-O 12. Qe2 Bd7 13. a3 N4d5 14. Nxd5 Nxd5 15. Bc2 Rc8 16. Qd3 g6 17. Bh6 Re8 18. Bb3 a6 19. Rfe1 Bb5 20. Qd2 Bc7 21. Rad1 Ba5 22.
Qg5 Qxg5 23. Bxg5 Bxe1 24. Rxe1 Bc4 25. Bd1 Ba2 26. h4 f6 27. Bd2 Kf7 28. g3 Bb1 29.
g4 Bd3 30. g5 Bf5 31. gxf6 Kxf6 32. Ne5 Rc7 33. Bg5+ Kg7 34. h5 h6 35. Bd2 g5 36.
Bf3 Rc2 37. Bxd5 Rxd2 38. Bxb7 Rxd4 39. Bxa6 Re4 40. Rxe4 Bxe4 41. b4 Rd8 42. f3 Rd1+ 43. Kf2 Bd5 44. b5 Rd2+ 45. Ke3 Rb2 46. a4 Kf6 47. a5 Kxe5 48. b6 Kd6 0-1

[Event "Early-Titled-Tuesday-Blitz-January-30-2024"]
[Site "Chess.com"]
[Date "2024.01.30"]
[Round "6"]
[White "akinov-akinseye"]
[Black "ejalmedina"]
[Result "0-1"]
[WhiteElo "1916"]
[BlackElo "2295"]
[TimeControl "180+1"]
[EndTime "9:08:39 PST"]
[Termination "ejalmedina won by resignation"]

1. e4 c6 2. Nf3 d5 3. Nc3 Bg4 4. h3 Bxf3 5. Qxf3 e6 6. d4 Nf6 7. Bg5 Be7 8. e5 Nfd7 9. Bxe7 Qxe7 10. Bd3 a6 11. a4 c5 12. dxc5 Nxe5 13. Qe3 Nbc6 14.
Ne2 O-O 15. c3 Qxc5 16. Nd4 Nxd3+ 17. Qxd3 Nxd4 18. Qxd4 Qxd4 19. cxd4 Rac8 20. Kd2 Rc4 21. Kd3 Rfc8 22. Ra3 Rb4 23. Rb1 Rcc4 24. Rc3 Rxd4+ 25. Ke3 g6 26. Rc8+ Kg7 27. Rc7 b6 28. b3 a5 29.
Rc6 g5 30. f3 h5 31. Rd6 h4 32. Rc6 Kf6 33. Rb2 Rd1 34. Rc7 Ra1 35. Kf2 Raxa4 36. Rc6 Ra3 37. Rc3 a4 38. Rbc2 axb3 0-1

[Event "Early-Titled-Tuesday-Blitz-January-30-2024"]
[Site "Chess.com"]
[Date "2024.01.30"]
[Round "6"]
[White "Perecke"]
[Black "GianmarcoVaR"]
[Result "1-0"]
[WhiteElo "2571"]
[BlackElo "2702"]
[TimeControl "180+1"]
[EndTime "9:08:40 PST"]
[Termination "Perecke won on time"]

1. e4 c6 2. d4 d5 3. Nc3 dxe4 4. Nxe4 Nf6 5. Nxf6+ exf6 6. c3 Bd6 7. Bd3 O-O 8. Ne2 h5 9. O-O h4 10. Nf4 Qc7 11. Qh5 f5 12. Bxf5 g6 13. Bxg6 fxg6 14. Nxg6 Qh7 15. Qxh7+ Kxh7 16. Nxf8+ Bxf8 17. Re1 Bd7 18. Bg5 h3 19. Be7 Kg8 20. Re3 Na6 21. Rae1 Re8 22.
Bxf8 Rxe3 23. Rxe3 Kxf8 24. gxh3 Nc7 25. h4 Nd5 26.
Re5 Nf4 27. Re4 Nh5 28. Kg2 Kf7 29. Kf3 Be6 30. Re5 Nf6 31. b3 b5 32. Kg3 Nd5 33.
c4 Nc3 34. f3 Nxa2 35. cxb5 Nb4 36. Rc5 cxb5 37. Rxb5 Nc2 38. d5 Bf5 39. Kf4 Bd3 40.
Rb7+ Kf6 41. Rxa7 Nb4 42. Ke3 Bc2 43. Kd4 Bf5 44. Kc5 Nd3+ 45. Kd6 Nc1 46. b4 Ne2 47. b5 Nd4 48. b6 Nb5+ 49. Kc5 1-0

[Event "Early-Titled-Tuesday-Blitz-January-30-2024"]
[Site "Chess.com"]
[Date "2024.01.30"]
[Round "6"]
[White "RCone"]
[Black "invisible_s0ul"]
[Result "0-1"]
[WhiteElo "2389"]
[BlackElo "2251"]
[TimeControl "180+1"]
[EndTime "9:08:40 PST"]
[Termination "invisible_s0ul won on time"]

1. e4 c5 2. Nc3 Nc6 3. Bb5 Nd4 4. Nf3 Nxb5 5. Nxb5 a6 6. Nc3 e6 7. d4 cxd4 8. Qxd4 d6 9. Bg5 Nf6 10. O-O-O Be7 11.
Bxf6 gxf6 12. Qe3 b5 13. a3 Bb7 14. Rhe1 Rc8 15. Rd3 Qa5 16. Qh6 b4 17. axb4 Qxb4 18. Qg7 Rf8 19. Qxh7 a5 20. Ree3 Ba6 21. Rd4 Qb6 22.
b3 Qc5 23. Kb2 Bb5 24. Nxb5 Qxc2+ 25. Ka3 Qc1+ 26. Ka4 Qa1+ 27. Na3 d5 28. b4 axb4 29. Rxb4 Ra8+ 30. Kb5 Rb8+ 31. Ka4 Rxb4+ 32. Ka5 Rb2 33. exd5 Bxa3 0-1

[Event "Early-Titled-Tuesday-Blitz-January-30-2024"]
[Site "Chess.com"]
[Date "2024.01.30"]
[Round "6"]
[White "Happy1712Drummer"]
[Black "RamyresCoelho"]
[Result "1-0"]
[WhiteElo "2418"]
[BlackElo "2244"]
[TimeControl "180+1"]
[EndTime "9:08:41 PST"]
[Termination "Happy1712Drummer won on time"]

1. e4 c5 2. Nf3 d6 3. Bb5+ Nd7 4.
Bxd7+ Bxd7 5. O-O Nf6 6. Re1 e6 7. c3 Be7 8. d4 cxd4 9. cxd4 O-O 10.
Nc3 Rc8 11. h3 Qa5 12. Bg5 b5 13. e5 Nd5 14. Nxd5 Bxg5 15. Nxg5 exd5 16. Qd3 g6 17. exd6 Bf5 18. Qg3 f6 19. Ne6 Bxe6 20. Rxe6 Qb4 21. Qf4 Qxb2 22. Rae1 g5 23. Qf5 Rc1 24. d7 Rxe1+ 25.
Rxe1 Qa3 26. Re8 Qd6 27. d8=Q Qxd8 28. Rxd8 Rxd8 29. Qxf6 Rd7 30. Qxg5+ Kf8 31. Qf5+ Ke8 32. Qe6+ Kd8 33. f4 Kc7 34. f5 Rd6 35. Qe5 Kc6 36.
f6 Rd7 37. Qe6+ Rd6 38. Qe8+ Kb6 39. f7 1-0